AoeStats
← PhishStickPhilanthropist

Oasis

508266458Analyzed
2v2 RM · 11d ago on Sep 21, 2026· 34m 49s· 4 players
Game mode
Random Map
Map size
Medium (4 player)
Population
200
Speed
Normal
Resources
Standard
Victory
Conquest
Starting age
Dark Age
Ending age
Imperial Age
RankedLock teamsTeams togetherTeam positionsShared explorationLock speedFull tech treeHidden civsTurbo modeCheats
Victory
Defeat
1437
+31
🇻🇳 Cumans · Vietnam
1405
+20
🇳🇱 Ethiopians · Netherlands
1493
-19
🇳🇱 Saracens · Netherlands
1482
-19
Xyrr
7:26 Loom
9:42 Feudal Age
12:12 Double-Bit Axe
13:05 Town Watch
14:37 Fletching
17:46 Horse Collar
24:36 Castle Age
25:13 Bodkin Arrow
24:42 Crossbowman
27:26 Padded Archer Armor
29:40 Ballistics
skik
8:45 Feudal Age
8:41 Loom
11:36 Fletching
18:59 Double-Bit Axe
24:38 Castle Age
22:50 Horse Collar
23:06 Gold Mining
25:15 Bodkin Arrow
24:40 Crossbowman
30:35 Thumb Ring
NPChinh
10:48 Feudal Age
11:32 Double-Bit Axe
12:21 Loom
14:07 Horse Collar
26:16 Wheelbarrow
26:15 Forging
26:10 Scale Barding Armor
26:07 Gold Mining
28:23 Castle Age
27:44 Stone Mining
30:35 Iron Casting
30:20 Chain Barding Armor
30:24 Fletching
31:42 Bloodlines
31:32 Bodkin Arrow
32:47 Chain Barding Armor
33:03 Iron Casting
35:03 Masonry
PhishStickPhilanthropist
10:41 Feudal Age
14:55 Castle Age
14:15 Double-Bit Axe
14:50 Horse Collar
15:21 Loom
18:08 Gold Mining
19:24 Padded Archer Armor
21:32 Leather Archer Armor
23:38 Husbandry
24:41 Wheelbarrow
24:28 Bloodlines
27:22 Scale Barding Armor
28:29 Heavy Plow
29:19 Chain Barding Armor
29:56 Stone Mining
30:26 Town Watch
31:55 Fletching
35:50 Imperial Age
33:48 Heavy Plow
35:25 Bow Saw
Connection lost

Rejoining the realm…

Still unreachable

The connection could not be restored.

Session expired

The server has moved on; the page needs a fresh start.